 Dungeon Crawl Stone Soup version 0.29.0-13-gc9e81de378 (webtiles) character file.

Game seed: 4850536234039456895

97 blackman the Cudgeller (level 4, 0/35 (37) HPs)
             Began as a Demigod Fighter on Sept 9, 2022.
             Slain by Crazy Yiuf
             ... wielding a +2 quarterstaff of chaos
              (1 damage)
             ... on level 2 of the Dungeon.
             The game lasted 00:03:16 (2093 turns).

blackman the Cudgeller (Demigod Fighter)            Turns: 2093, Time: 00:03:16

HP:   0/35 (37)     AC: 10    Str: 21    XL:     4   Next: 19%
MP:   6/6           EV:  7    Int: 10    God:
Gold: 104           SH:  4    Dex: 13    Spells: 3/3 levels left

rFire   . . .      SeeInvis .   a - +0 flail
rCold   . . .      Faith    .   c - +0 buckler
rNeg    . . .      Spirit   .   x - +0 chain mail
rPois   .          Reflect  .   (no helmet)
rElec   .          Harm     .   p - scarf {shadows}
rCorr   .          Rampage  .   (no gloves)
Will    .....                   q - +0 pair of boots
Stlth   ..........              (no amulet)
HPRegen 0.11/turn               (no ring)
MPRegen 0.10/turn               (no ring)

@: drained
A: high MP 1, forlorn, divine attributes
a: no special abilities


You were on level 2 of the Dungeon.
You visited 1 branch of the dungeon, and saw 2 of its levels.

You collected 104 gold pieces.

Inventory:

Hand Weapons
 a - a +0 flail (weapon)
 n - a +0 whip
Missiles
 i - 4 poisoned darts (quivered)
Armour
 c - a +0 buckler (worn)
 p - a scarf of shadows (worn)
 q - a +0 pair of boots (worn)
 x - a +0 chain mail (worn)
Scrolls
 f - 3 scrolls of identify {unknown}
 j - a scroll of silence {unknown}
 l - a scroll of magic mapping {unknown}
 r - a scroll of amnesia {unknown}
 u - a scroll of immolation {unknown}
 v - a scroll of teleportation {unknown}
 y - a scroll of vulnerability {unknown}
Potions
 b - a potion of berserk rage {unknown}
 d - 2 potions of might
 e - 2 potions of brilliance {unknown}
 g - a potion of lignification {unknown}
 h - a potion of degeneration {unknown}
 k - a potion of attraction {unknown}
 m - 2 potions of flight {unknown}
 o - a potion of curing {unknown}
 s - a potion of haste {unknown}
 t - a potion of ambrosia {unknown}
 w - a potion of mutation {unknown}


   Skills:
 - Level 2.6 Fighting
 + Level 4.3 Maces & Flails
 - Level 2.6 Armour
 - Level 2.6 Shields


You had 3 spell levels left.
You didn't know any spells.
Your spell library contained the following spells:

 Spells                   Type           Power      Damage    Failure   Level
 Apportation              Tloc           0%         N/A       99%         1
 Necrotise                Necr           0%         1d4       99%         1
 Summon Small Mammal      Summ           0%         N/A       99%         1
 Sublimation of Blood     Necr           0%         N/A       100%        2
 Airstrike                Air            0%         2d(0-16)  100%        4
 Petrify                  Tmut/Erth      0%         N/A       100%        4
 Summon Lightning Spire   Summ/Air       0%         N/A       100%        4
 Irradiate                Conj/Tmut      0%         3d11      100%        5
 Lightning Bolt           Conj/Air       0%         1d11      100%        5


Dungeon Overview and Level Annotations

Branches:
Dungeon (2/15)

Shops:
D:2 :

Annotations:
D:2 Crazy Yiuf


Innate Abilities, Weirdness & Mutations

You have an increased reservoir of magic. (+10% MP)
You shall have no god before yourself.
Your divine heritage dramatically boosts your attributes as you level up.


Message History

You completely miss Crazy Yiuf.
Crazy Yiuf hits you with a +2 quarterstaff of chaos!
You closely miss Crazy Yiuf.
Crazy Yiuf yells, "Island!
Race sizzlefizz Orb Guardian."
Crazy Yiuf hits you with a +2 quarterstaff of chaos!
You feel drained.
Crazy Yiuf grits, "Powder!"
Crazy Yiuf hits you with a +2 quarterstaff of chaos.
Crazy Yiuf freezes you.
You closely miss Crazy Yiuf.
Crazy Yiuf hits you with a +2 quarterstaff of chaos!
You resist with some effort.
You hit Crazy Yiuf.
Crazy Yiuf is moderately wounded.
Crazy Yiuf hits you with a +2 quarterstaff of chaos.
You barely miss Crazy Yiuf.
Crazy Yiuf is moderately wounded.
Crazy Yiuf barely misses you. x2
You barely miss Crazy Yiuf.
Crazy Yiuf is moderately wounded.
Crazy Yiuf barely misses you.
You closely miss Crazy Yiuf.
Crazy Yiuf is moderately wounded.
Crazy Yiuf closely misses you.
You hit Crazy Yiuf.
Crazy Yiuf is heavily wounded.
Crazy Yiuf hits you with a +2 quarterstaff of chaos.
* * * LOW HITPOINT WARNING * * *
Crazy Yiuf freezes you.
* * * LOW HITPOINT WARNING * * *
You hit Crazy Yiuf but do no damage.
Crazy Yiuf is heavily wounded.
You block Crazy Yiuf's attack.
You barely miss Crazy Yiuf.
Crazy Yiuf is heavily wounded.
Crazy Yiuf completely misses you.
Crazy Yiuf hits you with a +2 quarterstaff of chaos.
* * * LOW HITPOINT WARNING * * *
You feel drained.
You die...

####..#.....#......# ####.# #
#..##..#.#......###<##.#######
#
#..##.##.#######......<......#
## ##'#..#### ###############
.# #...## .####..## .'....##
### ###### .######### #)..###
##....## .........#
#...g@####......# .####.##.#
#...##..#.......# #####.##.#
### ###.#......# ..∩......#
#######.## ########.#
#.####### #.#
##############........ #.#
#.............##.##### #.#
#.#....##.....#
#.######.#.#..##..##.####.


You could see Crazy Yiuf.

Vanquished Creatures
  Jessica (D:2)
  A gnoll (D:1)
  An adder (D:2)
  A dart slug (D:1)
  4 ball pythons
  An endoplasm (D:2)
  2 giant cockroaches
  5 goblins
  9 hobgoblins
  3 quokkas (D:1)
  5 bats
  3 frilled lizards
  6 kobolds
  6 rats
48 creatures vanquished.

Notes
Turn   | Place    | Note
-------+----------+-------------------------------------------
     0 | D:1      | blackman the Demigod Fighter began the quest for the Orb.
     0 | D:1      | Reached XP level 1. HP: 18/18 MP: 3/3
   197 | D:1      | Reached skill level 2 in Maces & Flails
   390 | D:1      | Reached XP level 2. HP: 13/25 MP: 4/4
   702 | D:1      | Reached skill level 3 in Maces & Flails
   968 | D:1      | Reached XP level 3. HP: 18/30 MP: 5/5
  1289 | D:2      | Noticed Jessica
  1296 | D:2      | Killed Jessica
  1297 | D:2      | Reached skill level 4 in Maces & Flails
  1473 | D:2      | Reached XP level 4. HP: 37/37 MP: 6/6
  1983 | D:2      | Found Baicops's Book Shop.
  2033 | D:2      | Found a runed translucent door.
  2034 | D:2      | Noticed Crazy Yiuf
  2093 | D:2      | HP: 1/36 [Crazy Yiuf/+2 quarterstaff of chaos (5)]
  2093 | D:2      | Slain by Crazy Yiuf

Illustrated notes

Levels and vault maps discovered:
D:1:      lightli_arrival_lavapool, layout_rooms, st_stairs_1
D:2:      minmay_chambers_of_twos, layout_basic, serial_shops, shop,
          nicolae_ecumenical_oubliette, uniq_crazy_yiuf_cottage, uniq_jessica,
          uniq_sigmund

Skill      XL: |  1  2  3 |
---------------+----------+-----
Maces & Flails | 2 3 4 |  4.3
Fighting       | |  2.6
Armour         | |  2.6
Shields        | |  2.6

Action                   |  1- 3 |  4- 6 || total
-------------------------+-------+-------++-------
Melee: Flail             |   119 |    34 ||   153
Armor: Scale mail        |    80 |     5 ||    85
       Chain mail        |       |     9 ||     9
Dodge: Dodged            |    65 |     9 ||    74
Block: Buckler           |    35 |     4 ||    39
